 Dungeon Crawl Stone Soup version 0.29-a0-322-g68df515428 (console) character file.

Game seed: 9336571471793386046

65 Ignak the Skirmisher (level 4, -2/45 HPs)
             Began as an Ogre Warper on Apr 8, 2022.
             Slain by Grinder (5 damage)
             ... on level 3 of the Dungeon.
             The game lasted 00:04:47 (2415 turns).

Ignak the Skirmisher (Ogre Warper)                  Turns: 2415, Time: 00:04:48

Health: -2/45      AC:  3    Str: 17    XL:     4   Next: 13%
Magic:  4/8        EV: 10    Int: 14    God:
Gold:   67         SH:  0    Dex:  8    Spells: 3/8 levels left

rFire   . . .      SeeInvis .   f - +3 dagger (elec)
rCold   . . .      Faith    .   (no shield)
rNeg    . . .      Spirit   .   b - +0 robe
rPois   +          Reflect  .   (helmet restricted)
rElec   .          Harm     .   (no cloak)
rCorr   .          Rampage  .   (gloves unavailable)
Will    .....                   (boots unavailable)
Stlth   +.........              (no amulet)
HPRegen 0.15/turn               h - ring of poison resistance
MPRegen 0.11/turn               (no ring)

@: on blink cooldown
A: large, unfitting armour, tough skin 1
a: no special abilities


You were on level 3 of the Dungeon.
You visited 1 branch of the dungeon, and saw 3 of its levels.

You collected 67 gold pieces.

Inventory:

Hand Weapons
 a - a +0 mace of draining
 e - a +0 quarterstaff
 f - a +3 dagger of electrocution (weapon)
Missiles
 d - 7 boomerangs of dispersal (quivered)
Armour
 b - a +0 robe (worn)
Magical Staves
 j - a staff of poison
Jewellery
 h - a ring of poison resistance (left hand)
Scrolls
 c - a scroll of blinking
 k - a scroll of teleportation
 l - a scroll of enchant armour {unknown}
 m - a scroll of brand weapon
 n - a scroll of summoning {unknown}
 o - 3 scrolls of magic mapping {unknown}
Potions
 g - a potion of haste {unknown}
 i - a potion of curing {unknown}


   Skills:
 * Level 3.2 Fighting
 * Level 2.3 Maces & Flails
 + Level 1.4 Throwing
 + Level 2.5 Dodging
 - Level 1.0 Unarmed Combat
 + Level 2.8 Spellcasting
 + Level 3.0 Translocations


You had 3 spell levels left.
You knew the following spells:

 Your Spells              Type           Power      Damage    Failure   Level
a - Teleport Other        Tloc           10%        N/A       19%         3
b - Blink                 Tloc           20%        N/A       10%         2

Your spell library contained the following spells:

 Spells                   Type           Power      Damage    Failure   Level
 Gell's Gravitas          Tloc           10%        N/A       19%         3
 Lesser Beckoning         Tloc           10%        N/A       19%         3
 Manifold Assault         Tloc           10%        N/A       87%         5


Dungeon Overview and Level Annotations

Branches:
Dungeon (3/15)

Altars:

Shops:
D:1 !   D:3 :

Annotations:
D:3 Grinder


Innate Abilities, Weirdness & Mutations

You are too large for most types of armour.
You have tough skin. (AC +1)


Message History

Press: ? - help, v - describe, . - travel
Here: Grinder The floor.
You hear the crackle of electricity.
f - a +3 dagger of electrocution (weapon)
You hit Grinder.
Grinder is lightly wounded.
Grinder hits you.
You writhe in agony.
You hit Grinder.
Grinder is lightly wounded.
Grinder hits you.
You writhe in agony.
You hit Grinder but do no damage.
Grinder is lightly wounded.
Grinder barely misses you.
You hit Grinder.
Grinder is lightly wounded.
Grinder completely misses you.
You hit Grinder.
Grinder is lightly wounded.
Grinder hits you.
Cast which spell? (? or * to list)
You blink.
Grinder hits you.
You writhe in agony.
You hit Grinder but do no damage.
Grinder is lightly wounded.
Grinder hits you.
You hit Grinder.
Grinder is moderately wounded.
Grinder gestures at you. Pain shoots through your body!
* * * LOW HITPOINT WARNING * * *
You hit Grinder.
Grinder is moderately wounded.
You feel stable enough to blink again. Grinder gestures at you.
Pain shoots through your body!
* * * LOW HITPOINT WARNING * * *
Casting: Blink (safe; 10% risk of failure)
Confirm with . or Enter, or press ? or * to list all spells.
You blink.
Grinder hits you.
You die...

### #<# #.#
#.# #.#
#ยง# #5####
####@...###
#.........#
#.#####.#.#
#.# .# #
#### #.# #
..> #####.#
#..#.....#
#..#...###
#..'...#


You could see Grinder.

Vanquished Creatures
  3 adders (D:2)
  An orc (D:3)
  2 bats (D:1)
  3 endoplasms
  A goblin (D:1)
  3 hobgoblins
  2 jackals (D:1)
  2 quokkas (D:1)
  4 ball pythons
  2 frilled lizards
  8 kobolds
  5 rats
36 creatures vanquished.

Vanquished Creatures (others)
  10 plants (D:2)
10 creatures vanquished.

Grand Total: 46 creatures vanquished

Notes
Turn   | Place    | Note
-------+----------+-------------------------------------------
     0 | D:1      | Ignak the Ogre Warper began the quest for the Orb.
     0 | D:1      | Reached XP level 1. HP: 22/22 MP: 3/3
   368 | D:1      | Reached XP level 2. HP: 28/29 MP: 5/5
   481 | D:1      | Learned a level 2 spell: Blink
   616 | D:1      | Found Goakk's Distillery.
  1303 | D:2      | Reached XP level 3. HP: 37/37 MP: 7/7
  1584 | D:2      | Found a faded altar of an unknown god.
  1745 | D:2      | Learned a level 3 spell: Teleport Other
  1881 | D:2      | Reached skill level 1 in Unarmed Combat
  2093 | D:2      | Reached XP level 4. HP: 34/45 MP: 8/8
  2325 | D:3      | Found Iddoashax's Book Boutique.
  2403 | D:3      | Noticed Grinder
  2415 | D:3      | Slain by Grinder

Illustrated notes

Levels and vault maps discovered:
D:1:      onia_arrival_pyramid, layout_basic, serial_shops,
          nicolae_diamond_shop, serial_co_window_serial, co_window_paths_a,
          co_window_corner_a, co_window_corner_a, co_window_paths_a,
          co_window_paths_a, co_window_corner_b, co_window_corner_b,
          co_window_paths_c, co_window_paths_d, co_window_4corner_b,
          glass_columns_b, glass_columns_a, glass_columns_b, glass_columns_a
D:2:      layout_loops_corners, dilly_ecumenical_altar_fadedgnrine,
          roderic_lattice_a, chequers_serial_rivers_marsh
D:3:      layout_basic, slow_altar_1, serial_shops, shop, uniq_grinder

Skill      XL: |  1  2  3  4 |
---------------+-------------+-----
Maces & Flails | 2 |  2.3
Fighting       | 3 |  3.2
Unarmed Combat | 1 |  1.0
Translocations | 3 |  3.0
Throwing       | |  1.4
Dodging        | |  2.5
Spellcasting   | |  2.8

Action                   |  1- 3 |  4- 6 || total
-------------------------+-------+-------++-------
Melee: Mace              |    33 |     9 ||    42
       Dagger            |    52 |     8 ||    60
 Cast: Blink             |       |     2 ||     2
  Use: Scroll            |     4 |       ||     4
       Potion            |     2 |     1 ||     3
Armor: Robe              |    32 |     2 ||    34
Dodge: Dodged            |    58 |     9 ||    67

Table legend: (Time is in decaauts)
 A = Elapsed time spent in this place.
 B = Non-inter-level travel time spent in this place.
 C = Inter-level travel time spent in this place.
 D = Time resting spent in this place.
 E = Time spent auto-exploring this place.
 F = Levels seen in this place.
 G = Mean time per level.
                   A        B        C        D        E       F      G
               +--------+--------+--------+--------+--------+-----+--------+
         Total |   2427 |   2406 |     21 |     53 |   1876 |   3 |  809.0 |
       Dungeon |   2427 |   2406 |     21 |     53 |   1876 |   3 |  809.0 |
               +--------+--------+--------+--------+--------+-----+--------+

Top non-repeatable levels by time:
     D:1: 1219 daAuts
     D:2: 1076 daAuts
     D:3: 131 daAuts
